 Dungeon Crawl Stone Soup version 0.23.2-30-g0e89c35649 (webtiles) character file.

Game seed: 17505341579486520920

425 KamiKatze the Chopper (level 6, -7/60 HPs)
             Began as a Gargoyle Berserker on June 11, 2019.
             Was a Believer of Trog.
             Killed by divine providence
             ... invoked by an orc priest
              (10 damage)
             ... on level 4 of the Dungeon.
             The game lasted 00:09:17 (2380 turns).

KamiKatze the Chopper (Gargoyle Berserker)          Turns: 2380, Time: 00:09:18

Health: -7/60      AC: 15    Str: 27    XL:     6   Next: 96%
Magic:  6/6        EV: 10    Int:  8    God:    Trog [**....]
Gold:   138        SH:  0    Dex:  9    Spells: 5/5 levels left

rFire    . . .     SeeInvis .   a - +0 hand axe
rCold    . . .     Gourm    .   (no shield)
rNeg     + . .     Faith    .   d - +0 scale mail
rPois    ∞         Spirit   .   q - +0 helmet
rElec    +         Reflect  .   (no cloak)
rCorr    .         Harm     .   k - +0 pair of gloves
MR       ++...                  l - +1 pair of boots
Stlth    ..........             e - amulet of the acrobat
HPRegen  1.20/turn              (no ring)
MPRegen  0.10/turn              (no ring)

@: berserking (expiring), regenerating, very quick
A: negative energy resistance 1, electricity resistance, unbreathing,
petrification resistance, rot immunity, AC +4
a: Berserk, Trog's Hand, Renounce Religion


You were on level 4 of the Dungeon.
You worshipped Trog.
Trog was pleased with you.
You were very hungry.

You visited 1 branch of the dungeon, and saw 6 of its levels.

You collected 138 gold pieces.

Inventory:

Hand Weapons
 a - a +0 hand axe (weapon)
 p - a +2 flail of protection
 t - a +2 trident of flaming
Missiles
 f - 125 stones (quivered)
 g - 44 sling bullets
Armour
 d - a +0 scale mail (worn)
 k - a +0 pair of gloves (worn)
 l - a +1 pair of boots (worn)
 n - a +0 chain mail
 q - a +0 helmet (worn)
Jewellery
 e - an amulet of the acrobat (around neck)
 x - an uncursed ring of fire
Scrolls
 j - a scroll of teleportation
 m - 2 scrolls of fear
 o - a scroll of enchant armour
 w - a scroll of magic mapping {unknown}
Potions
 b - a potion of resistance {unknown}
 h - 3 potions of heal wounds
 i - 2 potions of lignification {unknown}
 r - 3 potions of curing {unknown}
 u - a potion of haste {unknown}
 v - a potion of flight {unknown}
 z - a potion of agility {unknown}
Comestibles
 c - 11 rations
 s - 2 chunks of flesh


   Skills:
 + Level 5.4 Fighting
 * Level 5.9 Axes
 - Level 2.1 Armour
 - Level 1.5 Dodging


You had 5 spell levels left.
You didn't know any spells.
Your spell library was empty.

Dungeon Overview and Level Annotations

Branches:
Dungeon (6/15)
 Temple: D:4-7

Altars:


Innate Abilities, Weirdness & Mutations

You are resistant to torment.
Your stone body is resilient. (AC +4)
You are immune to poison.
You resist negative energy. (rN+)
You are resistant to electric shocks. (rElec)
You can survive without breathing.
You are immune to petrification.
You are immune to rotting.


Message History

The orc wizard is almost dead.
You slash the orc!
You kill the orc!
Trog accepts your kill.
The orc wizard hits you but does no damage.
You slash the orc wizard!
You kill the orc wizard!
Trog accepts your kill.
Trog appreciates your killing of a magic user.
The orc priest mumbles some strange prayers to Beogh against you.
Beogh smites you!
* * * LOW HITPOINT WARNING * * *
Items here: ! ) [ † a +0 dagger; a +0 robe; a metallic coppery potion; an orc corpse You hit the orc priest but do no damage.
You hit the orc priest.
The orc priest is lightly wounded.
The orc priest invokes the aid of Beogh against you.
Beogh smites you!
You die...

#.# #)# #.#
#.# #.# #.#
#.#
#.#########
#o@........
.#
##.)########
.# ##...##
.#
#####....>#
#.#
.........##
..#
#######.##
..# #.#
###).# #.#
#....# #+#
#.#.##


You could see an orc priest.

Vanquished Creatures
  Menkaure (D:5)
  An ogre (D:4)
  2 orc priests
  An orc wizard (D:4)
  A hound skeleton (D:4)
  6 adders
  An adder zombie (D:6)
  2 worms
  A dart slug (D:1)
  2 leopard geckos
  8 orcs
  A bat (D:3)
  3 giant cockroaches
  3 goblins
  2 hobgoblins (D:3)
  9 jackals
  4 kobolds
  2 frilled lizards (D:3)
  A leopard gecko skeleton (D:6)
  2 rats
53 creatures vanquished.

Notes
Turn   | Place    | Note
-------+----------+-------------------------------------------
     0 | D:1      | KamiKatze the Gargoyle Berserker began the quest for the
                  | Orb.
     0 | D:1      | Reached XP level 1. HP: 14/14 MP: 1/1
   767 | D:2      | Reached XP level 2. HP: 19/19 MP: 2/2
   854 | D:2      | Reached XP level 3. HP: 24/24 MP: 3/3
   954 | D:2      | Found a faded altar of an unknown god.
  1001 | D:2      | Reached XP level 4. HP: 29/29 MP: 4/4
  1608 | D:3      | Reached ** piety under Trog
  1723 | D:3      | Reached XP level 5. HP: 34/34 MP: 5/5
  2050 | D:4      | Noticed an ogre
  2055 | D:4      | Killed an ogre
  2055 | D:4      | Reached skill level 5 in Axes
  2068 | D:4      | You fall through a shaft for 2 floors!
  2077 | D:6      | Reached XP level 6. HP: 29/40 MP: 6/6
  2131 | D:5      | Entered Level 5 of the Dungeon
  2175 | D:5      | Reached skill level 5 in Fighting
  2262 | D:5      | Noticed Menkaure
  2275 | D:5      | Killed Menkaure
  2378 | D:4      | HP: 2/60 [orc priest/divine providence (16)]
  2380 | D:4      | Killed from afar by an orc priest

Skill      XL: |  1  2  3  4  5  6 |
---------------+-------------------+-----
Axes           | 3 4 5 |  5.9
Fighting       | 4 5 |  5.4
Armour         | |  2.1
Dodging        | |  1.5

Action                   |  1- 3 |  4- 6 || total
-------------------------+-------+-------++-------
Melee: Hand axe          |    35 |   154 ||   189
Invok: Berserk           |     1 |     4 ||     5
       Trog's Hand       |       |     2 ||     2
  Use: Scroll            |       |     6 ||     6
  Eat: Chunk             |     1 |     8 ||     9
Armor: Scale mail        |    15 |    81 ||    96
Dodge: Dodged            |    28 |   110 ||   138
